 Dungeon Crawl Stone Soup version 0.25.1-8-g42b30a86e7 (webtiles) character file.

Game seed: 17153365372611235105

302 Clowwww the Chopper (level 6, -2/53 HPs)
             Began as a Hill Orc Fighter on Dec 5, 2020.
             Slain by a water moccasin (7 damage)
             ... on level 3 of the Dungeon.
             The game lasted 00:05:46 (3636 turns).

Clowwww the Chopper (Hill Orc Fighter)              Turns: 3636, Time: 00:05:46

Health: -2/53      AC:  7    Str: 21    XL:     6   Next: 37%
Magic:  6/6        EV:  8    Int:  8    God:
Gold:   189        SH:  9    Dex: 10    Spells: 5/5 levels left

rFire    . . .     SeeInvis .   a - +0 war axe
rCold    . . .     Gourm    .   c - +0 kite shield
rNeg     . . .     Faith    .   b - +0 scale mail
rPois    .         Spirit   .   (no helmet)
rElec    .         Reflect  .   (no cloak)
rCorr    .         Harm     .   (no gloves)
MR       .....                  (no boots)
Stlth    ..........             (no amulet)
HPRegen  0.17/turn              (no ring)
MPRegen  0.10/turn              (no ring)

@: mighty
A: no striking features
a: no special abilities


You were on level 3 of the Dungeon.
You were not hungry.

You visited 1 branch of the dungeon, and saw 4 of its levels.

You collected 189 gold pieces.

Inventory:

Hand Weapons
 a - a +0 war axe (weapon)
Missiles
 r - 2 boomerangs (quivered)
Armour
 b - a +0 scale mail (worn)
 c - a +0 kite shield (worn)
Jewellery
 k - an uncursed ring of protection from fire {unknown}
Scrolls
 e - 2 scrolls of identify {unknown}
 j - 4 scrolls of teleportation {unknown}
 n - 2 scrolls of blinking {unknown}
 o - 2 scrolls of immolation {unknown}
Potions
 g - 2 potions of berserk rage {unknown}
 h - 4 potions of heal wounds {unknown}
 l - a potion of invisibility {unknown}
 m - a potion of mutation {unknown}
 p - a potion of ambrosia {unknown}
 q - a potion of degeneration {unknown}
Comestibles
 f - 6 rations
 i - a chunk of flesh


   Skills:
 + Level 4.5 Fighting
 + Level 5.4 Axes
 + Level 4.4 Armour
 + Level 1.1 Dodging
 + Level 4.7 Shields


You had 5 spell levels left.
You didn't know any spells.
Your spell library was empty.

Dungeon Overview and Level Annotations

Branches:
Dungeon (4/15)
 Temple: D:4-7

Altars:
Hepliaklqana
Nemelex Xobeh
Trog
Wu Jian
Xom
Zin


Message History

You closely miss the water moccasin.
The water moccasin is lightly wounded.
You feel sick.
You are no longer poisoned.
You block the water moccasin's attack.
The water moccasin bites you but does no damage.
Your shield prevents you from hitting the water moccasin.
The water moccasin is lightly wounded.
You block the water moccasin's attack.
You slice the water moccasin!!
The water moccasin is almost dead.
You block the water moccasin's attack. The water moccasin bites you.
* * * LOW HITPOINT WARNING * * *
You closely miss the water moccasin.
The water moccasin is almost dead.
The water moccasin misses you. The water moccasin barely misses you.
You barely miss the water moccasin.
The water moccasin is severely wounded.
The water moccasin closely misses you. The water moccasin bites you!
You die...

#.#
###÷######........####
#.# #.....#
#..#####...[.
#.#########.....# #..#
######
#...............# #..#
### ###########.....#
#..# #.. #.....# #..#
##.# ####..#
#..#######.#. #..#
#.........### #)@#
##.#######.#.
#†S#####.# ####..
#..#...#.# #.....
#........#####.##.#
#..................
#.......[.####.##..
#.........# #.##..
#.........# #.##..
##.......## #.##..


You could see a water moccasin.

Vanquished Creatures
  A scorpion (D:3)
  An orc priest (D:4)
  2 orc wizards
  3 gnolls (D:3)
  5 adders
  An ooze (D:3)
  3 worms
  3 dart slugs
  A leopard gecko (D:2)
  13 orcs
  4 ball pythons
  10 bats
  3 giant cockroaches
  7 goblins
  2 hobgoblins
  5 frilled lizards
  5 kobolds
  10 rats
79 creatures vanquished.

Notes
Turn   | Place    | Note
-------+----------+-------------------------------------------
     0 | D:1      | Clowwww the Hill Orc Fighter began the quest for the Orb.
     0 | D:1      | Reached XP level 1. HP: 19/19 MP: 1/1
   368 | D:1      | Reached XP level 2. HP: 27/27 MP: 2/2
   477 | D:1      | Reached skill level 3 in Axes
   855 | D:2      | Found a hazy altar of Hepliaklqana.
   987 | D:2      | Reached XP level 3. HP: 23/33 MP: 3/3
  1411 | D:2      | Found a glowing silver altar of Zin.
  1412 | D:2      | Noticed an angel
  1417 | D:2      | Found a shimmering altar of Xom.
  1569 | D:2      | Noticed a moth of wrath
  1571 | D:2      | Found a bloodstained altar of Trog.
  1714 | D:2      | Reached XP level 4. HP: 40/40 MP: 4/4
  1719 | D:2      | Found an ornate altar of the Wu Jian Council.
  1719 | D:2      | Found a sparkling altar of Nemelex Xobeh.
  2040 | D:3      | Reached skill level 4 in Axes
  2380 | D:3      | Reached XP level 5. HP: 33/46 MP: 5/5
  3288 | D:3      | Reached skill level 5 in Axes
  3618 | D:4      | Reached skill level 1 in Dodging
  3619 | D:4      | Noticed a water moccasin
  3621 | D:4      | Reached XP level 6. HP: 37/53 MP: 6/6
  3636 | D:3      | Slain by a water moccasin

Illustrated notes

Levels and vault maps discovered:
D:1:      dpeg_arrival_rhombus, layout_rooms, chequers_decorated_corner,
          minivault_14
D:2:      layout_basic, lemuel_doored_altar,
          grunt_temple_overflow_order_and_chaos_1, tgw_trog,
          chequers_temple_overflow_statue_of_worship
D:3:      layout_loops_ring, first_ration
D:4:      layout_rooms, kennysheep_mini, temple_statues,
          kennysheep_opposing_triangles

Skill      XL: |  1  2  3  4  5 |
---------------+----------------+-----
Axes           | 3 4 5 |  5.4
Fighting       | 4 |  4.5
Shields        | 4 |  4.7
Armour         | 4 |  4.4
Dodging        | 1 |  1.1

Action                   |  1- 3 |  4- 6 || total
-------------------------+-------+-------++-------
Melee: War axe           |   129 |   135 ||   264
  Use: Potion            |       |     1 ||     1
  Eat: Chunk             |     3 |     6 ||     9
Armor: Scale mail        |    83 |    68 ||   151
Dodge: Dodged            |    45 |    69 ||   114
Block: Kite shield       |    79 |    99 ||   178
